 Dungeon Crawl Stone Soup version 0.31.0-12-g77e489cdc1 (webtiles) character file.

Game seed: 11966698371916015618

588 hawla the Ducker (level 7, -2/34 (38) HPs)
             Began as a Deep Elf Fire Elementalist on Feb 17, 2024.
             Was an Initiate of Dithmenos.
             Slain by Jeremiah
             ... wielding a +3 trident of draining
              (5 damage)
             ... on level 6 of the Dungeon.
             The game lasted 00:13:47 (5273 turns).

hawla the Ducker (Deep Elf Fire Elementalist)       Turns: 5273, Time: 00:13:47

HP:   -2/34 (38)    AC:  4    Str: 11    XL:     7   Next: 15%
MP:   5/13          EV: 12    Int: 23    God:    Dithmenos [......]
Gold: 18            SH:  0    Dex: 15    Spells: 5/12 levels left

rFire   + + +        m - +1 whip "Tockoh" {elec, rElec rF+++ Str+4 Int+3}
rCold   . . .        (no shield)
rNeg    . . .        a - +0 robe
rPois   .            (no helmet)
rElec   +            (no cloak)
rCorr   .            (no gloves)
SInv    .            l - +1 pair of boots {Stlth+}
Will    .....        (no amulet)
Stlth   +++          (no ring)
HPRegen 0.25/turn    (no ring)
MPRegen 0.13/turn

%: no passive effects
@: grasped by roots, very slightly contaminated, constricted, heavily drained
A: no striking features
a: Renounce Religion


You were on level 6 of the Dungeon.
You worshipped Dithmenos.
Dithmenos was noncommittal.
You visited 2 branches of the dungeon, and saw 7 of its levels.

You collected 317 gold pieces.
You spent 299 gold pieces at shops.

Inventory:

Hand Weapons
 m - the +1 whip "Tockoh" (weapon) {elec, rElec rF+++ Str+4 Int+3}
   (You found it on level 4 of the Dungeon)

   Str+4:     It affects your strength (+4).
   Int+3:     It affects your intelligence (+3).
   rF+++:     It renders you almost immune to fire.
   rElec:     It insulates you from electricity.
Armour
 a - a +0 robe (worn)
 l - a +1 pair of boots of stealth (worn)
Jewellery
 b - a ring of resist corrosion
Scrolls
 d - 2 scrolls of teleportation
 e - a scroll of revelation
 h - 2 scrolls of butterflies
Potions
 c - a potion of degeneration {unknown}
 f - 3 potions of might {unknown}
 g - a potion of brilliance {unknown}
 i - a potion of ambrosia
 j - a potion of enlightenment {unknown}
 k - a potion of lignification {unknown}


   Skills:
 - Level 1.0 Fighting
 + Level 6.8 Dodging
 - Level 2.4 Stealth
 - Level 3.0 Spellcasting
 - Level 3.0 Conjurations
 - Level 6.0 Fire Magic


You had 5 spell levels left.
You knew the following spells:

 Your Spells              Type           Power      Damage    Failure   Level
a - Foxfire               Conj/Fire      96%        2x1d8     1%          1
b - Scorch                Fire           62%        2d7       1%          2
c - Flame Wave            Conj/Fire      24%        2d8       19%         4

Your spell library contained the following spells:

 Spells                   Type           Power      Damage    Failure   Level
 Magic Dart               Conj           68%        1d6       3%          1
 Sting                    Conj/Alch      40%        1d5       6%          1
 Inner Flame              Hex/Fire       17%        N/A       10%         3
 Volatile Blastmotes      Fire/Tloc      34%        2d12      10%         3
 Blink                    Tloc           6%         N/A       17%         2
 Call Imp                 Summ           6%         N/A       17%         2
 Mercury Vapours          Alch/Air       6%         N/A       17%         2
 Sublimation of Blood     Necr           3%         N/A       17%         2
 Frozen Ramparts          Ice            6%         1d1       34%         3
 Leda's Liquefaction      Alch/Erth      1%         N/A       75%         4
 Olgreb's Toxic Radiance  Alch           3%         N/A       75%         4
 Petrify                  Alch/Erth      3%         N/A       75%         4
 Irradiate                Conj/Alch      5%         3d13      86%         5
 Metabolic Englaciation   Hex/Ice        1%         N/A       97%         5


Dungeon Overview and Level Annotations

Branches:
Dungeon (6/15)             Temple (1/1) D:4

Altars:
Cheibriados
Dithmenos
Elyvilon
Fedhas
Gozag
Kikubaaqudgha
Makhleb
Nemelex Xobeh
Okawaru
Qazlal
Sif Muna
Trog
Uskayaw
Vehumet
Yredelemnul
Zin
The Shining One

Shops:
D:1 *   D:4 !

Annotations:
D:3 1 runed translucent door, Silvore's ghost, amateur DsFi
D:6 Jeremiah


Message History

Casting: Scorch (safe; 1% risk of failure)
Confirm with . or Enter, or press ? or * to list all spells.
Casting: Flame Wave (quite dangerous; 19% risk of failure)
Press: ? - help, Dir - look around, f - activate A wave of flame ripples out!
The flame wave engulfs the butterfly!
You kill the butterfly!
The butterfly disappears in a burst of colours!
The flame wave engulfs the butterfly!
You kill the butterfly!
The butterfly disappears in a burst of colours! (Press . to intensify the flame waves.) Jeremiah zaps a wand.
The roots erupt in riotous growth!
The butterfly is unaffected.
The grasping roots grab you!
The butterfly is unaffected.
Jeremiah is unaffected.
The grasping roots constrict you.
A wave of flame ripples out!
The flame wave engulfs the butterfly!
You kill the butterfly!
The butterfly disappears in a burst of colours!
The flame wave engulfs the butterfly.
You kill the butterfly!
The butterfly disappears in a burst of colours!
The flame wave engulfs Jeremiah!
Jeremiah is severely wounded.
Jeremiah hits you from afar with a +3 trident of draining!
You feel drained. The grasping roots constrict you!
* * * LOW HITPOINT WARNING * * *
Unknown command.
A wave of flame ripples out!
The flame wave engulfs the butterfly!
You kill the butterfly!
The butterfly disappears in a burst of colours!
The flame wave engulfs the butterfly!
You kill the butterfly!
The butterfly disappears in a burst of colours!
The flame wave engulfs Jeremiah!
Jeremiah is severely wounded.
You finish channelling waves of flame.
Jeremiah hits you from afar with a +3 trident of draining.
You die...
Jeremiah wails, "I didn't mean to kill anyone!
I'm not a murderer!"

#.. ... .. ..
..# . ..... #.
### .#.#
#.##.b _..
#....##.###.##
###....[[))...
#....bF.####.#
....##@b#<.#
## #.###..F.
#<# ###.# #.#
.. #.# . ..#
.## #. #.


You could see Jeremiah.

Vanquished Creatures
  An ogre (D:4)
  A phantom (D:5)
  A burial acolyte (D:5)
  2 jellies (D:5)
  A hound (D:4)
  An orc wizard (D:6)
  4 iguanas (D:5)
  A hound zombie (D:5)
  5 adders
  2 shadow imps (D:5)
  2 adder zombies (D:5)
  A dart slug (D:2)
  2 ribbon worms
  8 orcs
  8 endoplasms
  4 giant cockroaches
  6 hobgoblins
  2 jackals (D:2)
  4 quokkas
  4 ball pythons
  7 bats
  6 frilled lizards
  2 gnoll zombies (D:5)
  5 goblins
  4 kobolds
  2 kobold zombies (D:5)
  5 rats
91 creatures vanquished.

Vanquished Creatures (others)
  221 foxfires
221 creatures vanquished.

Grand Total: 312 creatures vanquished

Notes
Turn   | Place    | Note
-------+----------+-------------------------------------------
     0 | D:1      | hawla the Deep Elf Fire Elementalist began the quest for
                  | the Orb.
     0 | D:1      | Reached XP level 1. HP: 10/10 MP: 6/6
    46 | D:1      | Found a faded altar of an unknown god.
   278 | D:1      | Reached skill level 1 in Fighting
   499 | D:1      | Reached XP level 2. HP: 16/16 MP: 5/8
   534 | D:1      | Found Anatocann's Assorted Antiques.
   957 | D:2      | Learned a level 2 spell: Scorch
  1085 | D:2      | Reached XP level 3. HP: 20/20 MP: 4/9
  1806 | D:3      | Found a runed translucent door.
  1809 | D:3      | Noticed Silvore's ghost (amateur DsFi)
  2049 | D:3      | Reached XP level 4. HP: 25/25 MP: 8/10
  2554 | D:1      | Bought a scroll labelled FUZOR HESURES for 28 gold pieces
  2554 | D:1      | Bought a scroll labelled RIGAGU MOUDGH for 28 gold pieces
  2761 | D:4      | Found Hoezur's Distillery.
  2779 | D:4      | Bought a potion of curing for 33 gold pieces
  2978 | D:4      | Found a staircase to the Ecumenical Temple.
  2982 | D:4      | Identified the +1 whip "Tockoh" {elec, rElec rF+++ Str+4
                  | Int+3}
  2987 | Temple   | Entered the Ecumenical Temple
  2993 | Temple   | Became a worshipper of Dithmenos the Shadowed
  3009 | D:4      | Reached skill level 5 in Fire Magic
  3191 | D:4      | Found a radiant altar of Vehumet.
  3203 | D:4      | Noticed an ogre
  3212 | D:4      | Killed an ogre
  3213 | D:4      | Reached XP level 5. HP: 29/29 MP: 6/11
  3616 | D:5      | Entered Level 5 of the Dungeon
  3679 | D:5      | Found an ancient bone altar of Kikubaaqudgha.
  3801 | D:5      | Learned a level 4 spell: Flame Wave
  3841 | D:5      | Noticed a phantom
  3848 | D:5      | Reached XP level 6. HP: 34/34 MP: 7/12
  3856 | D:5      | Reached skill level 5 in Dodging
  4374 | D:5      | Reached XP level 7. HP: 33/38 MP: 9/13
  4932 | D:1      | Bought a pair of runed boots for 210 gold pieces
  5068 | D:6      | Found a basalt altar of Yredelemnul.
  5077 | D:6      | Noticed Jeremiah
  5273 | D:6      | Slain by Jeremiah

Illustrated notes

Levels and vault maps discovered:
D:1:      dpeg_arrival_rooms_b, layout_loops_ring, basic_ecumenical_altar,
          serial_shops, nicolae_shop_just_a_little_nook
D:2:      layout_loops_ring
D:3:      layout_loops_ring, hellmonk_ghost_happy_afterlife,
          nicolae_eternal_life
D:4:      layout_basic, nicolae_vehumet_altar_sigil,
          minmay_temple_entry_offerings, serial_shops, shop
D:5:      layout_basic, regret_index_kikubaaqudgha_part_by_part
D:6:      layout_rooms, lemuel_crystal_altar, serial_shops,
          nicolae_inconvenience_store, uniq_jeremiah
Temple:   compressed_dpeg_circular_temple

Skill      XL: |  1  2  3  4  5  6 |
---------------+-------------------+-----
Fighting       | 1 |  1.0
Conjurations   | 2 3 |  3.0
Fire Magic     | 4 6 |  6.0
Dodging        | 3 6 |  6.8
Stealth        | |  2.4
Spellcasting   | |  3.0

Action                     |  1- 3 |  4- 6 |  7- 9 || total
---------------------------+-------+-------+-------++-------
  Melee: Unarmed           |    10 |     3 |       ||    13
         Whip              |       |    14 |       ||    14
   Cast: Foxfire           |    62 |    54 |    12 ||   128
         Scorch            |     9 |    15 |    10 ||    34
         Flame Wave        |       |       |     3 ||     3
    Use: Scroll            |     2 |     6 |       ||     8
         Potion            |     1 |     5 |       ||     6
 Armour: Robe              |    10 |    33 |     4 ||    47
  Dodge: Dodged            |    28 |    37 |     2 ||    67
